 Dungeon Crawl Stone Soup version 0.23-a0-386-g9c9d49f (webtiles) character file.

6029 Amnesiac the Slicer (level 10, 0/79 HPs)
             Began as a Mummy Chaos Knight on Oct 28, 2018.
             Was a Plaything of Xom.
             Slain by an ogre
             ... wielding a +0 giant club
              (12 damage)
             ... on level 9 of the Dungeon.
             The game lasted 00:34:02 (54928 turns).

Amnesiac the Slicer (Mummy Chaos Knight)           Turns: 54928, Time: 00:34:03

Health: 0/79       AC: 18    Str: 19    XL:     10   Next: 56%
Magic:  22/22      EV: 13    Int: 12    God:    Xom [*.....]
Gold:   1060       SH:  0    Dex: 11    Spells: 3/9 levels left

rFire    + . .     SeeInvis .   a - +0 short sword (chaos)
rCold    + . .     Gourm    .   (no shield)
rNeg     + + +     Faith    .   A - +0 plate armour
rPois    ∞         Spirit   .   k - +0 helmet
rElec    .         Reflect  .   v - +2 cloak "Miso" {rF++ MP+9}
rCorr    .         Harm     .   n - +0 pair of gloves
MR       +....                  (no boots)
Stlth    ..........             (no amulet)
HPRegen  0.23/turn              (no ring)
MPRegen  0.18/turn              i - +5 ring of evasion

@: no status effects
A: no food or potions, fire vulnerability, cold resistance 1, negative energy
resistance 3, torment resistance, unbreathing
a: Renounce Religion


You were on level 9 of the Dungeon.
You worshipped Xom.
You were a special plaything of Xom.
You were not hungry.

You visited 2 branches of the dungeon, and saw 10 of its levels.
You also visited: Ossuary and Bailey.

You collected 1060 gold pieces.

Inventory:

Hand Weapons
 a - a +0 short sword of chaos (weapon)
 b - a +4 shortbow of chaos
Missiles
 e - 39 tomahawks of returning (quivered)
 x - 60 arrows
Armour
 k - a +0 helmet (worn)
 n - a +0 pair of gloves (worn)
 s - a scarf of cloud immunity
 v - the +2 cloak "Miso" (worn) {rF++ MP+9}
   (Xom gifted it to you in the Ecumenical Temple)

   It greatly protects you from fire.
   It affects your magic capacity (+9).
 A - a +0 plate armour (worn)
Jewellery
 i - a +5 ring of evasion (right hand)
 l - an uncursed ring of poison resistance {unknown}
 o - an uncursed ring of magical power {unknown}
 r - an uncursed ring of ice
Wands
 f - a wand of polymorph (13)
 j - a wand of random effects (19)
 p - a wand of disintegration (5)
 t - a wand of clouds (2)
 y - a wand of digging (31)
 z - a wand of acid (9)
Scrolls
 c - 3 scrolls of remove curse {!r}
 d - 3 scrolls of enchant armour {!r}
 g - 4 scrolls of identify {!r}
 h - a scroll of fog {!r}
 m - 6 scrolls of amnesia {!r}
 q - 2 scrolls of holy word {!r}
 u - 6 scrolls of immolation {!r}
 w - 2 scrolls of magic mapping {!r}


   Skills:
 + Level 7.1 Fighting
 - Level 8.0 Short Blades
 + Level 5.5 Armour
 + Level 5.5 Dodging
 - Level 4.0 Stealth
 - Level 4.0 Evocations


You had 3 spell levels left.
You knew the following spells:

 Your Spells              Type           Power        Failure   Level  Hunger
a - Poisonous Vapours     Pois/Air       #.....       100%        2    N/A
b - Passwall              Tmut/Erth      #.......     100%        2    N/A
z - Swiftness             Chrm/Air       #.......     100%        2    N/A

Your spell library contained the following spells:

 Spells                   Type           Power        Failure   Level  Hunger
 Flame Tongue             Conj/Fire      #....        100%        1    N/A
 Infusion                 Chrm           #...         100%        1    N/A
 Sandblast                Erth           #.....       100%        1    N/A
 Shroud of Golubria       Chrm/Tloc      #.........   100%        2    N/A
 Song of Slaying          Chrm           #.......     100%        2    N/A
 Throw Flame              Conj/Fire      #.....       100%        2    N/A
 Conjure Flame            Conj/Fire      #.......     100%        3    N/A
 Inner Flame              Hex/Fire       #.......     100%        3    N/A
 Ozocubu's Armour         Chrm/Ice       #.......     100%        3    N/A
 Spectral Weapon          Hex/Chrm       #.......     100%        3    N/A
 Stone Arrow              Conj/Erth      #.....       100%        3    N/A
 Petrify                  Tmut/Erth      #.......     100%        4    N/A
 Sticky Flame             Conj/Fire      #.......     100%        4    N/A
 Fireball                 Conj/Fire      #.........   100%        5    N/A
 Lee's Rapid Deconstruct  Erth           #.........   100%        5    N/A
 Freezing Cloud           Conj/Ice/Air   #.........   100%        6    N/A
 Ring of Flames           Chrm/Fire      #.........   100%        7    N/A
 Regeneration             Chrm/Necr      Unusable     N/A         3    N/A

Dungeon Overview and Level Annotations

Branches:
Dungeon (9/15)             Temple (1/1) D:6
   Lair: D:8-11         Orc: D:9-12

Altars:
Ashenzari
Cheibriados
Dithmenos
Elyvilon
Fedhas
Gozag
Hepliaklqana
Kikubaaqudgha
Makhleb
Nemelex Xobeh
Okawaru
Qazlal
Ru
Sif Muna
Trog
Uskayaw
Vehumet
Wu Jian
Xom
Yredelemnul
Zin
The Shining One


Innate Abilities, Weirdness & Mutations

You do not eat or drink.
Your flesh is vulnerable to fire.
You are immune to poison.
Your flesh is cold resistant. (rC+)
You are immune to negative energy. (rN+++)
You are immune to unholy pain and torment.
You can survive without breathing.


Message History

The centaur warrior hits you!
You hit the centaur warrior but do no damage.
The centaur warrior glows shimmering cobalt blue for a moment.
The centaur warrior is heavily wounded.
The centaur warrior barely misses you.
You puncture the centaur warrior!
The centaur warrior seems to slow down.
The centaur warrior is severely wounded.
You hit the centaur warrior.
The centaur warrior is almost dead.
The centaur warrior closely misses you.
You hit the centaur warrior. You freeze the centaur warrior.
The centaur warrior is almost dead.
The centaur warrior hits you.
You hit the centaur warrior.
The centaur warrior is almost dead.
The centaur warrior hits you!
You hit the centaur warrior but do no damage.
The centaur warrior is almost dead.
You hit the centaur warrior.
You kill the centaur warrior!
You feel your dexterity returning.
Training target 4.0 for Stealth reached!
Your Fighting skill increases to level 7!
Your Stealth skill increases to level 4!
You hit the ice beast.
Lightning courses through the ice beast!
The ice beast is severely wounded.
You hit the ice beast.
The ice beast appears confused.
The ice beast is severely wounded.
You catch the helpless ice beast completely off-guard!
You puncture the ice beast!
You kill the ice beast!
A centaur warrior comes into view.
You see here an arrow.
Your plate armour prevents you from hitting the ogre. "Hum-dee-hum-dee-hum..."
The ogre seems to speed up.
The ogre hits you with a +0 giant club!
* * * LOW HITPOINT WARNING * * *
The ogre hits you with a +0 giant club.
* * * LOW HITPOINT WARNING * * *
You can't drink.
You can't drink.
Really read
q - 3 scrolls labeled LIPTE LOYCHEJU {!r}?
As you read the scroll labeled LIPTE LOYCHEJU {!r}, it crumbles to dust.
You speak a Word of immense power!
You are blasted by holy energy!
* * * LOW HITPOINT WARNING * * *
It was a scroll of holy word {!r}.
The ogre hits you with a +0 giant club.
* * * LOW HITPOINT WARNING * * *
You can't drink.
Okay, then.
You can't drink.
A troll comes into view.
The troll shouts!
You hear a bellow!
You hear an angry hiss.
A phantom comes into view.
The ogre hits you with a +0 giant club.
* * * LOW HITPOINT WARNING * * *
Evoke which item? (* to show all) (? for menu, Esc to quit)
Aiming: Cloud Cone
Press: ? - help, Dir - move target cursor, f - ogre
Aim: an ogre, wielding a +0 giant club (fast)
You create a blast of poison gas!
The ogre is engulfed in poison gas.
The ogre is poisoned.
The ogre hits you with a +0 giant club!
You die...
Xom guffaws!

#....................##..
#..#################.##..
#..#.......##..... #.....
###.#..#.......##......######
..............................
###.#########.#####.#...##'###
.. ###..##..##.#####...h# ## #
#..##..##.#.5.h.......
#.#..##@.##.#..####.##..
.###.# #§O##..##.......##..
W.T...##c§##..#.....#......
#§§##..##.#...........
#§§##..##.#..####.)...
###..##..##..# +.....
#c.##..##..# #####.
####(#####..# #. #c)?!...##..+
#.


You could see a centaur warrior and an ogre.

Vanquished Creatures
  A centaur warrior (D:9)
  A lindwurm (Bailey)
  A hornet (D:8)
  Sigmund (D:2)
  A fire bat (D:7)
  Edmund (D:4)
  A floating eye (Bailey)
  6 orc warriors (Bailey)
  2 ice beasts
  A sky beast (D:5)
  A black bear (D:8)
  A necrophage (D:9)
  4 ogres
  3 centaurs (D:7)
  2 big kobolds
  5 bullfrogs
  A wyvern zombie (D:8)
  3 scorpions
  10 killer bees (D:7)
  A howler monkey (D:9)
  12 wights
  3 crimson imps
  2 centaur zombies
  A centaur skeleton (D:9)
  2 orc priests
  An iron imp (D:5)
  3 iguanas
  6 orc wizards
  3 big kobold zombies (Ossuary)
  5 mummies
  9 adders
  A gnoll (Bailey)
  3 shadow imps
  An adder zombie (D:5)
  A worm (D:1)
  3 dart slugs
  10 leopard geckos
  16 orcs
  8 bats
  6 giant cockroaches
  8 goblins
  11 hobgoblins
  8 jackals
  26 kobolds
  4 quokkas
  A ball python (D:4)
  7 frilled lizards
  4 hobgoblin zombies
  3 kobold zombies
  2 orc zombies
  6 rats
223 creatures vanquished.

Vanquished Creatures (collateral kills)
  Eustachio (D:4)
  A kobold (Bailey)
2 creatures vanquished.

Vanquished Creatures (others)
  A giant cockroach (D:4)
  2 fire vortices (Temple)
3 creatures vanquished.

Grand Total: 228 creatures vanquished

Notes
Turn   | Place    | Note
-------+----------+-------------------------------------------
     0 | D:1      | Amnesiac the Mummy Chaos Knight began the quest for the
                  | Orb.
     0 | D:1      | Reached XP level 1. HP: 18/18 MP: 1/1
    12 | D:1      | Reached skill level 1 in Dodging
   335 | D:1      | Reached XP level 2. HP: 24/24 MP: 2/2
   351 | D:1      | XOM: mild Fire miscast
   445 | D:1      | XOM: harmless Fire miscast
   521 | D:1      | Reached skill level 3 in Short Blades
   712 | D:1      | Reached XP level 3. HP: 25/29 MP: 3/3
   723 | D:1      | XOM: noise
   844 | D:1      | XOM: summons 1 hostile demon
  1045 | D:1      | XOM: mild Tloc miscast
  1323 | D:1      | XOM: harmless Necr miscast
  1359 | D:1      | XOM: god gift: scroll labeled XYFUYR HENKI {god gift}
  1362 | D:1      | Identified a scroll of acquirement {!r}
  1414 | D:1      | XOM: medium Chrm miscast
  1419 | D:1      | XOM: noise
  1970 | D:2      | XOM: divination: magic mapping
  1992 | D:2      | Reached XP level 4. HP: 28/35 MP: 4/4
  2054 | D:2      | Noticed Sigmund
  2054 | D:2      | XOM: potion effect (brilliance)
  2475 | D:2      | XOM: scenery: create altars
  2503 | D:2      | XOM: scenery: create altars
  2506 | D:2      | XOM: scenery: create altars
  2543 | D:2      | XOM: divination: detect items
  2544 | D:2      | XOM: fake destruction
  2765 | D:2      | XOM: 1-stop teleportation journey
  2841 | D:2      | XOM: noise
  2853 | D:2      | XOM: noise
  2859 | D:2      | XOM: potion effect (agility)
  2867 | D:2      | XOM: repel stairs
  2868 | D:2      | Killed Sigmund
  2868 | D:2      | Reached skill level 5 in Short Blades
  2868 | D:2      | Reached XP level 5. HP: 36/41 MP: 5/5
  2904 | D:3      | Found a bloodstained altar of Trog.
  2918 | D:3      | Noticed an ogre
  2924 | D:3      | Killed an ogre
  2924 | D:3      | Reached XP level 6. HP: 47/47 MP: 6/6
  3029 | D:3      | XOM: god gift: wand of random effects (30)
  3426 | D:4      | Found an opulent altar of Gozag.
  3451 | D:4      | Identified the Volume of Lightness and Boosts
  3496 | D:4      | Reached skill level 6 in Short Blades
  3621 | D:4      | Noticed Eustachio
  3629 | D:4      | XOM: 1-stop teleportation journey
  3631 | D:4      | Got a slimy chain mail
  3642 | D:4      | Identified the cursed +0 chain mail of Paeny {Str-4 Int+3
                  | Dex+8} (You found it on level 4 of the Dungeon)
  3800 | D:4      | XOM: summons 2 friendly demons
  3818 | D:4      | Killed Eustachio
  3818 | D:4      | Reached XP level 7. HP: 52/52 MP: 7/7
  3868 | D:4      | Noticed Edmund
  3887 | D:4      | XOM: harmless Necr miscast
  3893 | D:4      | XOM: harmless Air miscast
  3903 | D:4      | XOM: mild Fire miscast
  3910 | D:4      | XOM: destruction
  3911 | D:4      | XOM: summons 5 friendly demons
  3922 | D:4      | Killed Edmund
  4193 | D:4      | XOM: 6-stop teleportation journey
  4292 | D:4      | XOM: divination: detect items
  4375 | D:5      | Entered Level 5 of the Dungeon
  4453 | D:5      | XOM: cloud trail
  4555 | D:5      | XOM: cleaving
  4587 | D:5      | XOM: polymorph crimson imp -> iron imp
  4599 | D:5      | Reached skill level 7 in Short Blades
  4676 | D:5      | XOM: divination: magic mapping
  4748 | D:5      | XOM: 7-stop teleportation journey
  5573 | D:6      | XOM: polymorph something unseen -> goblin
  5630 | D:6      | Found a sand-covered staircase.
  5641 | Ossuary  | Entered an ossuary
  5726 | Ossuary  | XOM: confusion (+ monsters)
  5810 | Ossuary  | XOM: scenery: 5 doors close
  5879 | Ossuary  | XOM: god gift: scale mail {god gift}
  6043 | D:6      | Found a staircase to the Ecumenical Temple.
  6102 | Temple   | Entered the Ecumenical Temple
  6463 | Temple   | XOM: god gift: glowing short sword {god gift}
  6474 | D:6      | XOM: 8-stop teleportation journey
  6515 | D:6      | Reached skill level 8 in Short Blades
  6553 | D:6      | Reached XP level 8. HP: 58/58 MP: 8/8
  7822 | Temple   | XOM: god gift: 8 bolts
  8185 | Temple   | XOM: 3-stop teleportation journey
  8325 | Temple   | XOM: cloud trail
  8456 | D:7      | Reached skill level 1 in Evocations
  8539 | Temple   | XOM: god gift: 39 gold pieces
  8652 | Temple   | XOM: god gift: halberd {god gift}
  8653 | Temple   | XOM: medium Air miscast
  9040 | Temple   | XOM: medium Hex miscast
 11069 | Temple   | XOM: summons 1 hostile demon
 11496 | Temple   | XOM: harmless Air miscast
 11624 | Temple   | XOM: cloud trail
 11725 | Temple   | XOM: harmless Erth miscast
 11956 | Temple   | XOM is BORED!
 12475 | Temple   | XOM: harmless Tmut miscast
 13063 | Temple   | XOM: mild Tloc miscast
 13300 | Temple   | XOM: cloud trail
 13582 | Temple   | XOM: divination: detect creatures
 14184 | Temple   | XOM: god gift: heavily runed cloak {god gift}
 14185 | Temple   | Got a heavily runed cloak {god gift}
 14196 | Temple   | Identified the +2 cloak "Miso" {rF++ MP+9} (Xom gifted it
                  | to you in the Ecumenical Temple)
 14289 | Temple   | XOM is BORED!
 14361 | Temple   | XOM: silly message
 15281 | Temple   | XOM: noise
 16323 | Temple   | XOM: mild Tmut miscast
 16549 | Temple   | XOM: harmless Necr miscast
 16667 | Temple   | XOM: medium Hex miscast
 16694 | Temple   | XOM: medium Chrm miscast
 16730 | Temple   | XOM: 3-stop teleportation journey
 17632 | Temple   | XOM: harmless Conj miscast
 18094 | Temple   | XOM: summons 4 hostile demons
 18095 | Temple   | Noticed a red devil
 18829 | Temple   | XOM: harmless Necr miscast
 18937 | Temple   | XOM is BORED!
 18937 | Temple   | XOM: mild Pois miscast
 20010 | Temple   | XOM: mild Ice miscast
 20724 | Temple   | XOM is BORED!
 20724 | Temple   | XOM: noise
 22004 | Temple   | XOM: noise
 22039 | D:7      | XOM: chaos upgrade
 22046 | D:7      | XOM: blink monster(s)
 22262 | D:7      | XOM: harmless Chrm miscast
 22271 | D:7      | XOM: smoke on damage
 22402 | D:7      | XOM: 1-stop teleportation journey
 22556 | D:7      | XOM: mild Tloc miscast
 22565 | D:7      | XOM: enchant monster (good)
 22570 | D:7      | XOM: confusion
 22574 | D:7      | XOM: 2-stop teleportation journey
 22604 | D:7      | Reached XP level 9. HP: 23/66 MP: 11/11
 22614 | D:7      | XOM: enchant monster (bad)
 22891 | D:7      | XOM: enchant monster (bad)
 22904 | D:7      | XOM: 2-stop teleportation journey
 22981 | D:7      | XOM: harmless Ice miscast
 23132 | D:7      | Reached skill level 5 in Fighting
 23139 | D:7      | XOM: stat loss: -1 Int (10/11)
 23240 | D:7      | XOM: polymorph orc warrior -> fire bat
 24336 | Temple   | XOM: stat loss: -1 Int (10/11)
 24478 | Temple   | XOM: harmless Summ miscast
 24527 | Temple   | XOM: cloud trail
 24910 | Temple   | XOM: mild Pois miscast
 25292 | Temple   | XOM: cloud trail
 25355 | Temple   | XOM: divination: detect creatures
 25806 | Temple   | XOM: cloud trail
 25885 | Temple   | XOM: mild Tmut miscast
 25951 | Temple   | XOM: noise
 26908 | Temple   | XOM: harmless Fire miscast
 27127 | Temple   | XOM: god gift: glowing lajatang {god gift}
 27343 | Temple   | XOM is BORED!
 27343 | Temple   | XOM: medium Tloc miscast
 27550 | Temple   | XOM: god gift: plate armour {god gift}
 28081 | Temple   | XOM: harmless Ice miscast
 28163 | Temple   | XOM: divination: magic mapping
 28352 | Temple   | XOM: cloud trail
 28506 | Temple   | XOM is BORED!
 28506 | Temple   | XOM: stat loss: -3 Dex (8/11)
 29006 | Temple   | XOM: silly message
 29076 | Temple   | XOM: mild Necr miscast
 29396 | Temple   | XOM: severe Chrm miscast
 29686 | Temple   | XOM: harmless Fire miscast
 29821 | Temple   | XOM is BORED!
 29821 | Temple   | XOM: medium Chrm miscast
 30301 | Temple   | XOM: harmless Summ miscast
 30368 | Temple   | XOM: medium Erth miscast
 30440 | Temple   | XOM: harmless Ice miscast
 30966 | Temple   | XOM: summons 4 hostile demons
 31311 | D:6      | XOM: cloud trail
 32100 | Temple   | XOM: medium Chrm miscast
 32816 | Temple   | XOM: cloud trail
 32895 | Temple   | XOM: stat loss: -1 Int (9/11)
 33806 | Temple   | XOM: harmless Hex miscast
 33920 | Temple   | XOM is BORED!
 33920 | Temple   | XOM: medium Air miscast
 34207 | Temple   | XOM: mild Necr miscast
 34333 | Temple   | XOM: summons 3 hostile demons
 34552 | Temple   | XOM: harmless Summ miscast
 34874 | Temple   | XOM: harmless Air miscast
 36555 | Temple   | XOM is BORED!
 36850 | Temple   | XOM: medium Chrm miscast
 37280 | Temple   | XOM: cloud trail
 37389 | Temple   | XOM: cloud trail
 37497 | Temple   | XOM: summons 1 hostile demon
 37699 | Temple   | XOM: harmless Pois miscast
 37819 | Temple   | XOM: stat loss: -1 Dex (7/11)
 37885 | Temple   | XOM: summons 4 hostile demons
 37886 | Temple   | Noticed a rust devil
 38669 | Temple   | XOM: mild Fire miscast
 38740 | Temple   | XOM: harmless Ice miscast
 39092 | Temple   | XOM: mild Fire miscast
 39225 | Temple   | XOM: silly message
 39452 | Temple   | XOM: mild Summ miscast
 40105 | Temple   | XOM: stat loss: -1 Str (17/19)
 40136 | Temple   | XOM: mild Erth miscast
 40866 | Temple   | XOM: god gift: 32 gold pieces
 41055 | Temple   | XOM: divination: detect items
 41493 | Temple   | XOM: god gift: scroll of amnesia
 42220 | Temple   | XOM: medium Erth miscast
 42392 | Temple   | XOM: harmless Summ miscast
 42620 | Temple   | XOM: mild Tmut miscast
 42939 | Temple   | XOM is BORED!
 42939 | Temple   | XOM: medium Conj miscast
 43464 | Temple   | XOM: cloud trail
 43538 | Temple   | XOM is BORED!
 43538 | Temple   | XOM: medium Fire miscast
 43926 | Temple   | XOM: summons 4 hostile demons
 43974 | D:8      | Found a flagged portal.
 44039 | D:8      | Learned a level 2 spell: Poisonous Vapours
 44042 | D:8      | Learned a level 2 spell: Swiftness
 44060 | Bailey   | Entered a bailey
 44074 | Bailey   | Noticed an orc knight
 44156 | Bailey   | Noticed an orc knight
 44430 | Bailey   | XOM: medium Erth miscast
 44818 | Bailey   | XOM: 7-stop teleportation journey
 44833 | Bailey   | Noticed a lindwurm
 44833 | Bailey   | an orc knight changed into a lindwurm
 44837 | Bailey   | Killed a lindwurm
 44837 | Bailey   | Reached skill level 1 in Stealth
 44838 | Bailey   | XOM: summons friendly iron imp
 44850 | Bailey   | HP: 3/69 [orc warrior/war axe (12)]
 44990 | Bailey   | XOM: cast spell 'Discord'
 45196 | Bailey   | XOM: harmless Tmut miscast
 45546 | Bailey   | XOM: mild Pois miscast
 46388 | Bailey   | XOM: mild Necr miscast
 46555 | Bailey   | XOM: 1-stop teleportation journey
 46569 | Bailey   | an orc knight changed into a floating eye
 46569 | Bailey   | XOM: confuse monster(s)
 46590 | Bailey   | Paralysed by a floating eye for 2 turns
 46680 | Bailey   | XOM: summons 1 hostile demon
 46959 | Bailey   | XOM: silly message
 47109 | Bailey   | XOM is BORED!
 47109 | Bailey   | XOM: noise
 47331 | Bailey   | XOM: harmless Summ miscast
 47517 | Bailey   | XOM: harmless Tmut miscast
 47776 | Bailey   | XOM: mild Erth miscast
 47906 | Bailey   | XOM: mild Chrm miscast
 48656 | Bailey   | XOM is BORED!
 48656 | Bailey   | XOM: harmless Hex miscast
 48741 | Bailey   | XOM: harmless Air miscast
 48908 | Bailey   | XOM: divination: detect creatures
 49032 | Bailey   | XOM: scenery: create altars
 49278 | Bailey   | XOM: cloud trail
 50325 | Bailey   | XOM: god gift: runed scythe {god gift}
 50382 | Bailey   | Reached XP level 10. HP: 76/76 MP: 13/13
 51561 | Bailey   | XOM: mild Necr miscast
 52869 | Bailey   | XOM: 2-stop teleportation journey
 52927 | Bailey   | XOM: summons 1 hostile shadow creature
 52986 | Bailey   | XOM: summons 2 hostile demons
 53343 | D:8      | XOM: 7-stop teleportation journey
 53591 | D:8      | XOM: 2-stop teleportation journey
 54164 | D:8      | Reached skill level 5 in Armour
 54164 | D:8      | Reached skill level 5 in Dodging
 54629 | D:9      | Learned a level 2 spell: Passwall
 54713 | D:9      | XOM: silly message
 54743 | D:9      | Noticed a two-headed ogre
 54768 | D:9      | XOM: confusion
 54803 | D:9      | XOM: blink monster(s)
 54895 | D:9      | Noticed a centaur warrior
 54914 | D:9      | Killed a centaur warrior
 54917 | D:9      | Noticed a centaur warrior
 54920 | D:9      | XOM: enchant monster (bad)
 54928 | D:9      | Slain by an ogre

Vault maps used:
D:1:      dpeg_arrival_morbid_curiosity, minmay_misc_feat_rugged, minmay_cupped
D:2:      uniq_sigmund
D:3:      nicolae_overflow_hidden_temple, bloody_trog
D:4:      first_ration, nicolae_gozag_seed_capital, uniq_edmund, uniq_eustachio
D:6:      minmay_temple_entry_steel_oval, enter_ossuary_1, minmay_mini_ossuary
D:7:      grunt_ogre_cave
D:8:      enter_bailey_8
D:9:      minmay_the_grid_3x2
Temple:   grunt_wide_crystal_templ
Ossuary:  ossuary_crypta
Bailey:   bailey_axe_4, bailey

Skill      XL: |  1  2  3  4  5  6  7  8  9 10 |
---------------+-------------------------------+-----
Dodging        | 1 3 4 5 |  5.5
Short Blades   | 3 5 6 8 |  8.0
Armour         | 3 4 5 |  5.5
Evocations     | 2 4 |  4.0
Fighting       | 4 6 7 |  7.1
Stealth        | 2 4 |  4.0

Action                   |  1- 3 |  4- 6 |  7- 9 | 10-12 || total
-------------------------+-------+-------+-------+-------++-------
Melee: Short sword       |   146 |   153 |   573 |   350 ||  1222
 Fire: Shortbow          |       |       |    49 |       ||    49
Throw: Tomahawk          |       |       |    11 |     2 ||    13
Evoke: Wand              |       |       |    24 |     6 ||    30
  Use: Scroll            |     2 |     4 |    13 |     1 ||    20
 Stab: Confused          |     1 |     2 |     5 |     3 ||    11
       Sleeping          |       |     1 |       |       ||     1
       Paralysed         |       |     1 |     4 |     4 ||     9
       Distracted        |       |     1 |     1 |       ||     2
       Petrified         |       |       |     2 |       ||     2
       Petrifying        |       |       |     1 |       ||     1
Armor: Leather armour    |    65 |    18 |    80 |       ||   163
       Chain mail        |       |     2 |     5 |       ||     7
       Plate armour      |       |       |    73 |   140 ||   213
Dodge: Dodged            |    74 |    80 |   369 |   157 ||   680

Table legend:
 A = Non-vault XP
 B = Vault XP
 C = Vault XP percentage of total XP
 D = Non-vault monster count
 E = Vault monster count
 F = Vault count percentage of total count
                 A         B        C        D         E       F
            +---------+---------+-------+---------+---------+-------
      Total |    4894 |    3720 |  43.2 |     163 |      63 |  27.9
            +---------+---------+-------+---------+---------+-------
        D:1 |      47 |      17 |  26.6 |      16 |       9 |  36.0
        D:2 |      52 |     223 |  81.1 |      15 |       1 |   6.2
        D:3 |     197 |       0 |   0.0 |      33 |       0 |   0.0
        D:4 |     113 |     240 |  68.0 |       8 |       2 |  20.0
        D:5 |     190 |       0 |   0.0 |       7 |       0 |   0.0
        D:6 |     300 |      22 |   6.8 |      10 |       5 |  33.3
        D:7 |    2348 |     116 |   4.7 |      35 |       1 |   2.8
        D:8 |     898 |       0 |   0.0 |      21 |       0 |   0.0
        D:9 |     749 |    1220 |  62.0 |      18 |       5 |  21.7
    Ossuary |       0 |     203 | 100.0 |       0 |      13 | 100.0
     Bailey |       0 |    1679 | 100.0 |       0 |      27 | 100.0
            +---------+---------+-------+---------+---------+-------
